NCAA
INDIANA HOOSIERS @ BAYLOR BEARS
04/08/2030
 
TOP OF THE 1ST
Indiana Hoosiers batting - Pitching for Baylor Bears : RHP José Aguilar
Pitching: RHP José Aguilar
Batting: RHB Scott Young 0-0: Ball
1-0: Foul Ball, location: 2F
1-1: Foul Ball, location: 2F
1-2: SINGLE (Flyball, 7LM)
Batting: LHB Jimmy Winters 0-0: Ball
1-0: Foul Ball, location: 2F
1-1: Called Strike
1-2: Grounds into double play, 6-4-3 (Groundball, 6)
Batting: RHB Stephen McNeely 0-0: Swinging Strike
0-1: Ball
1-1: Ball
2-1: Ball
3-1: Base on Balls
Batting: RHB Curt David 0-0: Called Strike
0-1: Ball
1-1: Called Strike
1-2: Fielders Choice at 2nd, 6-4 (Groundball, 6)
Top of the 1st over - 0 runs, 1 hit, 0 errors, 1 left on base; Indiana 0 - Baylor 0
BOTTOM OF THE 1ST
Baylor Bears batting - Pitching for Indiana Hoosiers : RHP Scott Doyle
Pitching: RHP Scott Doyle
Batting: RHB Reed Allen 0-0: Swinging Strike
0-1: Swinging Strike
0-2: Ball
1-2: Foul Ball, location: 2F
1-2: SOLO HOME RUN (Flyball, 7D), Distance : 356 ft
Batting: RHB Richard Jeffries 0-0: Ground out 5-3 (Groundball, 56S)
Batting: RHB Gerald Taylor 0-0: Called Strike
0-1: Ball
1-1: Swinging Strike
1-2: Strikes out swinging
Batting: LHB Sergio García 0-0: Ground out 6-3 (Groundball, 6)
Bottom of the 1st over - 1 run, 1 hit, 0 errors, 0 left on base; Indiana 0 - Baylor 1
TOP OF THE 2ND
Indiana Hoosiers batting - Pitching for Baylor Bears : RHP José Aguilar
Batting: RHB Frank Reed 0-0: Called Strike
0-1: Ball
1-1: Ball
2-1: Called Strike
2-2: Foul Ball, location: 2F
2-2: Strikes out swinging
Batting: RHB Chris Neal 0-0: Ball
1-0: Fly out, F7 (Flyball, 7S)
Batting: SHB Bob Madrigal 0-0: Ball
1-0: Called Strike
1-1: Foul Ball, location: 2F
1-2: Foul Ball, location: 2F
1-2: Ball
2-2: Ball
3-2: Fly out, F7 (Line Drive, 7)
Top of the 2nd over - 0 runs, 0 hits, 0 errors, 0 left on base; Indiana 0 - Baylor 1
BOTTOM OF THE 2ND
Baylor Bears batting - Pitching for Indiana Hoosiers : RHP Scott Doyle
Batting: LHB Alan Jones 0-0: Called Strike
0-1: Foul Ball, location: 2F
0-2: Ball
1-2: Ball
2-2: Fly out, F7 (Flyball, 78S)
Batting: RHB Doug Carter 0-0: Ball
1-0: Ball
2-0: Ball
3-0: Called Strike
3-1: Swinging Strike
3-2: Foul Ball, location: 2F
3-2: Strikes out swinging
Batting: RHB Santiago Hernández 0-0: Called Strike
0-1: Ground out 4-3 (Groundball, 4)
Bottom of the 2nd over - 0 runs, 0 hits, 0 errors, 0 left on base; Indiana 0 - Baylor 1
TOP OF THE 3RD
Indiana Hoosiers batting - Pitching for Baylor Bears : RHP José Aguilar
Batting: RHB Chris Wilson 0-0: Called Strike
0-1: Foul Ball, location: 2F
0-2: Ball
1-2: Ball
2-2: Foul Ball, location: 2F
2-2: Ball
3-2: Ground out 6-3 (Groundball, 6D)
Batting: RHB Luke Nelson 0-0: Ball
1-0: Fly out, F9 (Flyball, 9)
Batting: RHB Scott Young 0-0: Called Strike
0-1: Ball
1-1: Ball
2-1: Ball
3-1: Base on Balls
Batting: LHB Jimmy Winters 0-0: Ball
Pickoff Throw by Catcher to First - Out!
Top of the 3rd over - 0 runs, 0 hits, 0 errors, 0 left on base; Indiana 0 - Baylor 1
BOTTOM OF THE 3RD
Baylor Bears batting - Pitching for Indiana Hoosiers : LHP Teddy Rich
Pitching: LHP Teddy Rich
Batting: RHB Denny Dennis 0-0: Called Strike
0-1: Swinging Strike
0-2: Strikes out swinging, 2-3 out at first.
Batting: RHB Bryan Clifton 0-0: Called Strike
0-1: Swinging Strike
0-2: Ground out 4-3 (Groundball, 4)
Batting: RHB Reed Allen 0-0: Ball
1-0: Called Strike
1-1: Foul Ball, location: 2F
1-2: Strikes out swinging, 2-3 out at first.
Bottom of the 3rd over - 0 runs, 0 hits, 0 errors, 0 left on base; Indiana 0 - Baylor 1
TOP OF THE 4TH
Indiana Hoosiers batting - Pitching for Baylor Bears : RHP José Aguilar
Batting: LHB Jimmy Winters 0-0: Called Strike
0-1: Ball
1-1: Swinging Strike
1-2: Ball
2-2: Foul Ball, location: 2F
2-2: Fly out, F8 (Flyball, 8LD)
Batting: RHB Stephen McNeely 0-0: Ball
1-0: Ball
2-0: Ball
3-0: Base on Balls
Batting: RHB Curt David 0-0: Ball
1-0: Fly out, F7 (Flyball, 7LM)
Batting: RHB Frank Reed 0-0: Ball
1-0: Called Strike
1-1: Ball
2-1: SINGLE (Flyball, 3D)
Stephen McNeely to second
Runner from 2nd tries for 3rd, SAFE, no throw
Batting: RHB Chris Neal 0-0: Foul Ball, location: 2F
0-1: Ground out 5-3 (Groundball, 5S)
Top of the 4th over - 0 runs, 1 hit, 0 errors, 2 left on base; Indiana 0 - Baylor 1
BOTTOM OF THE 4TH
Baylor Bears batting - Pitching for Indiana Hoosiers : LHP Teddy Rich
Batting: RHB Richard Jeffries 0-0: Ball
1-0: Ball
2-0: Called Strike
2-1: Ball
3-1: SINGLE (Flyball, 7S)
Batting: RHB Gerald Taylor 0-0: 2-RUN HOME RUN (Flyball, 78XD), Distance : 374 ft
Batting: LHB Sergio García 0-0: Ball
1-0: Ball
2-0: Foul Ball, location: 2F
2-1: Ball
3-1: Base on Balls
Batting: LHB Alan Jones 0-0: Foul Ball, location: 2F
0-1: Ball
1-1: Ball
2-1: Ball
3-1: Base on Balls
Sergio García to second
Batting: RHB Doug Carter 0-0: Hit by Pitch
Sergio García to third
Alan Jones to second
Batting: RHB Santiago Hernández 0-0: Foul Ball, location: 2F
0-1: Ball
1-1: Ball
2-1: Grounds into fielders choice 1-2 (Groundball, P)
Alan Jones to third
Doug Carter to second
Batting: RHB Denny Dennis 0-0: Ball
1-0: Called Strike
1-1: Ball
2-1: Foul Ball, location: 2F
2-2: Ball
3-2: Base on Balls
Alan Jones scores
Doug Carter to third
Santiago Hernández to second
Batting: RHB Bryan Clifton 0-0: Called Strike
0-1: Fly out, F4 (Line Drive, 4)
Batting: RHB Reed Allen 0-0: Called Strike
0-1: Ball
1-1: Ball
2-1: Ball
3-1: Foul Ball, location: 2F
3-2: Foul Ball, location: 2F
3-2: Strikes out looking
Bottom of the 4th over - 3 runs, 2 hits, 0 errors, 3 left on base; Indiana 0 - Baylor 4
TOP OF THE 5TH
Indiana Hoosiers batting - Pitching for Baylor Bears : RHP José Aguilar
Batting: SHB Bob Madrigal 0-0: Ball
1-0: Foul Ball, location: 2F
1-1: Foul Ball, location: 2F
1-2: Ball
2-2: SINGLE (Groundball, 56S) (infield hit)
Batting: RHB Chris Wilson 0-0: Ball
1-0: Ball
2-0: Called Strike
2-1: Called Strike
2-2: Ball
3-2: Foul Ball, location: 2F
3-2: Foul Ball, location: 2F
3-2: Foul Ball, location: 2F
3-2: Strikes out looking
Batting: RHB Luke Nelson 0-0: Ball
1-0: Foul Ball, location: 2F
1-1: Ball
2-1: Fielders Choice at 2nd, 4-6 (Groundball, 34)
Pitching: RHP Joe Cote
Batting: RHB Scott Young 0-0: Ball
1-0: Called Strike
1-1: Called Strike
1-2: Foul Ball, location: 2F
1-2: Fly out, F9 (Flyball, 9LS)
Top of the 5th over - 0 runs, 1 hit, 0 errors, 1 left on base; Indiana 0 - Baylor 4
BOTTOM OF THE 5TH
Baylor Bears batting - Pitching for Indiana Hoosiers : LHP Teddy Rich
Batting: RHB Richard Jeffries 0-0: Ball
1-0: Called Strike
1-1: Ground out 6-3 (Groundball, 6)
Batting: RHB Gerald Taylor 0-0: Fly out, F8 (Flyball, 8RS)
Batting: LHB Sergio García 0-0: Ball
1-0: Ground out 4-3 (Groundball, 4MS)
Bottom of the 5th over - 0 runs, 0 hits, 0 errors, 0 left on base; Indiana 0 - Baylor 4
TOP OF THE 6TH
Indiana Hoosiers batting - Pitching for Baylor Bears : RHP Joe Cote
Batting: LHB Jimmy Winters 0-0: Ball
1-0: Foul Ball, location: 2F
1-1: Called Strike
1-2: Ball
2-2: SINGLE (Groundball, 56D)
Batting: RHB Stephen McNeely 0-0: Swinging Strike
0-1: Ball
1-1: Foul Ball, location: 2F
1-2: Ball
2-2: Strikes out swinging
Batting: RHB Curt David 0-0: SINGLE (Flyball, 78S)
Jimmy Winters to second
Batting: RHB Frank Reed 0-0: Ball
1-0: Ball
2-0: Called Strike
2-1: Fielders Choice at 2nd, 3-6 (Groundball, 34)
Jimmy Winters to third
Batting: RHB Chris Neal 0-0: Foul Ball, location: 2F
0-1: Ball
1-1: Foul Ball, location: 2F
1-2: Foul Ball, location: 2F
1-2: Fielders Choice at 2nd, 6-4 (Groundball, 6)
Top of the 6th over - 0 runs, 2 hits, 0 errors, 2 left on base; Indiana 0 - Baylor 4
BOTTOM OF THE 6TH
Baylor Bears batting - Pitching for Indiana Hoosiers : LHP Teddy Rich
Pitching: RHP Johnny Baker
Batting: LHB Alan Jones 0-0: Ball
1-0: Fly out, F3 (Line Drive, 3S)
Batting: RHB Doug Carter 0-0: Called Strike
0-1: SINGLE (Flyball, 9S) - OUT at second base trying to stretch hit.
Batting: RHB Santiago Hernández 0-0: Ball
1-0: SINGLE (Groundball, 25) (infield hit)
Batting: RHB Denny Dennis 0-0: Ball
1-0: Ball
2-0: Foul Ball, location: 2F
2-1: Fielders Choice at 2nd, 5-4 (Groundball, 56)
Bottom of the 6th over - 0 runs, 2 hits, 0 errors, 1 left on base; Indiana 0 - Baylor 4
TOP OF THE 7TH
Indiana Hoosiers batting - Pitching for Baylor Bears : RHP Joe Cote
Batting: SHB Bob Madrigal 0-0: Ball
1-0: SINGLE (Groundball, 34D)
Batting: RHB Chris Wilson 0-0: Ball
1-0: Ball
2-0: Foul Ball, location: 2F
2-1: Swinging Strike
2-2: Strikes out swinging
Batting: RHB Luke Nelson 0-0: Ball
Bob Madrigal steals 2nd base
1-0: SINGLE (Groundball, 56D)
Bob Madrigal to third
Runner from 3rd tries for Home, SAFE, no throw
Batting: RHB Scott Young 0-0: Ball
Luke Nelson is caught stealing 2nd base
1-0: Ball
2-0: Foul Ball, location: 2F
2-1: Swinging Strike
2-2: Ball
3-2: Base on Balls
Batting: LHB Jimmy Winters 0-0: Ball
1-0: Ball
2-0: Ball
3-0: Called Strike
3-1: Fielders Choice at 2nd, 6-4 (Groundball, 6)
Top of the 7th over - 1 run, 2 hits, 0 errors, 1 left on base; Indiana 1 - Baylor 4
BOTTOM OF THE 7TH
Baylor Bears batting - Pitching for Indiana Hoosiers : RHP Johnny Baker
Batting: RHB Bryan Clifton 0-0: Called Strike
0-1: Ball
1-1: Ball
2-1: Ball
3-1: Base on Balls
Batting: RHB Reed Allen 0-0: Swinging Strike
0-1: Ball
1-1: Called Strike
1-2: Strikes out swinging
Batting: RHB Richard Jeffries 0-0: Ball
1-0: Ball
2-0: Ball
3-0: Called Strike
3-1: Foul Ball, location: 2F
3-2: Foul Ball, location: 2F
3-2: Foul Ball, location: 2F
3-2: Base on Balls
Bryan Clifton to second
Batting: RHB Gerald Taylor 0-0: Called Strike
0-1: SINGLE (Line Drive, 8RS)
Bryan Clifton to third
Richard Jeffries to second
Batting: LHB Sergio García 0-0: Called Strike
0-1: Ball
1-1: Ball
2-1: Foul Ball, location: 2F
2-2: Grounds into double play, 1-2-3 (Groundball, 13S)
Bottom of the 7th over - 0 runs, 1 hit, 0 errors, 2 left on base; Indiana 1 - Baylor 4
TOP OF THE 8TH
Indiana Hoosiers batting - Pitching for Baylor Bears : RHP Rafael Sierra
Pitching: RHP Rafael Sierra
Batting: RHB Stephen McNeely 0-0: Called Strike
0-1: Called Strike
0-2: Strikes out swinging
Batting: RHB Curt David 0-0: Ball
1-0: Called Strike
1-1: Ball
2-1: Foul Ball, location: 2F
2-2: Ball
3-2: Foul Ball, location: 2F
3-2: Foul Ball, location: 2F
3-2: Fly out, F6 (Line Drive, 6M)
Batting: RHB Frank Reed 0-0: Called Strike
0-1: Ball
1-1: Ball
2-1: Ball
3-1: Foul Ball, location: 2F
3-2: Strikes out swinging
Top of the 8th over - 0 runs, 0 hits, 0 errors, 0 left on base; Indiana 1 - Baylor 4
BOTTOM OF THE 8TH
Baylor Bears batting - Pitching for Indiana Hoosiers : RHP Johnny Baker
Batting: LHB Alan Jones 0-0: Swinging Strike
0-1: Called Strike
0-2: Strikes out swinging
Batting: RHB Doug Carter 0-0: Ball
1-0: Called Strike
1-1: Called Strike
1-2: Strikes out swinging
Batting: RHB Santiago Hernández 0-0: Swinging Strike
0-1: Ball
1-1: Called Strike
1-2: Fly out, F9 (Flyball, 9LS)
Bottom of the 8th over - 0 runs, 0 hits, 0 errors, 0 left on base; Indiana 1 - Baylor 4
TOP OF THE 9TH
Indiana Hoosiers batting - Pitching for Baylor Bears : RHP Rafael Sierra
Pitching: RHP Tony Reynolds
Batting: RHB Chris Neal 0-0: Swinging Strike
0-1: Ball
1-1: Foul Ball, location: 2F
1-2: Foul Ball, location: 2F
1-2: Ball
2-2: Strikes out swinging
Batting: SHB Bob Madrigal 0-0: Called Strike
0-1: Swinging Strike
0-2: Ball
1-2: Ball
2-2: Strikes out swinging, 2-3 out at first.
Batting: RHB Chris Wilson 0-0: Called Strike
0-1: Fly out, F9 (Flyball, 9S)
Top of the 9th over - 0 runs, 0 hits, 0 errors, 0 left on base; Indiana 1 - Baylor 4
Saturday, April 7th, 2018 - OOTP Baseball 18.8 Build 76